 Dungeon Crawl Stone Soup version 0.21-a0-38-g95c5c02 (webtiles) character file.

23130 Firecrotchwizard the Grappler (level 12, -3/122 HPs)
             Began as a Troll Monk on May 28, 2017.
             Was a High Priest of Wu Jian.
             Slain by a polar bear (19 damage)
             ... in an ice cave.
             The game lasted 00:49:56 (12149 turns).

Firecrotchwizard the Grappler (Troll Monk)         Turns: 12149, Time: 00:49:57

Health: -3/122     AC:  8    Str: 22    XL:     12   Next: 69%
Magic:  15/15      EV: 16    Int:  6    God:    Wu Jian [*****.]
Gold:   761        SH: 11    Dex: 16    Spells: 11/11 levels left

rFire    . . .     SeeInvis .     - Unarmed
rCold    . . .     Gourm    +   M - +0 shield
rNeg     . . .     Faith    .   a - +0 robe
rPois    .         Spirit   .   (helmet restricted)
rElec    .         Reflect  .   (no cloak)
rCorr    +         Harm     .   (gloves unavailable)
MR       .....                  (boots unavailable)
Stlth    ++........             i - amulet of rage {+Rage, !d}
Regen    0.7/turn               B - +3 ring of protection
MPRegen  0.2/turn               s - ring of resist corrosion

@: no status effects
A: unfitting armour, claws 3, fast metabolism 3, gourmand, regeneration 1,
shaggy fur 1, tough skin 2
a: Serpent's Lash, Heavenly Storm, Renounce Religion, Evoke Berserk Rage


You were in an ice cave.
You worshipped Wu Jian.
Wu Jian was extremely pleased with you.
You were completely stuffed.

You visited 2 branches of the dungeon, and saw 14 of its levels.
You also visited: Ice Cave.

You collected 761 gold pieces.

Inventory:

Hand Weapons
 z - the +3 mace of Wu Jian's Hatred {drain, +Fly rC- Str+2 Dex+7}
   (You found it on level 5 of the Dungeon)

   A truly terrible weapon, it drains the life of those it strikes.
   It affects your strength (+2).
   It affects your dexterity (+7).
   It makes you vulnerable to cold.
   It lets you fly.
 F - the cursed +1 long sword of the Peculiar Wishes {slice, rElec Dex+3, unknown}
   (You found it in an ice cave)

   It inflicts extra damage upon your enemies.
   It affects your dexterity (+3).
   It insulates you from electricity.
   It has a curse placed upon it.
 K - a +0 dagger of speed
   (You took it off an orc wizard on level 11 of the Dungeon)
Missiles
 E - 2 throwing nets {=f, !d}
Armour
 a - a +0 robe (worn)
 L - the +0 robe of the Pleiades {*Slow +Fly rF++}
   (You found it in an ice cave)

   It greatly protects you from fire.
   It lets you fly.
   It may slow you when you take damage.
 M - a +0 shield (worn)
   (You found it on level 10 of the Dungeon)
Jewellery
 i - an amulet of rage (around neck) {+Rage, !d}
   (You found it on level 1 of the Dungeon)
 s - a ring of resist corrosion (right claw)
   (You found it on level 3 of the Lair of Beasts)
 B - a +3 ring of protection (left claw)
   (You found it on level 6 of the Dungeon)
 D - an uncursed ring of positive energy {rN+}
   (You found it on level 8 of the Dungeon)
Wands
 H - a wand of paralysis (14/24)
   (You took it off Pikel on level 7 of the Dungeon)
 J - a wand of flame (28/48)
   (You found it on level 11 of the Dungeon)
 N - a wand of flame (14/48)
   (You found it on level 9 of the Dungeon)
Scrolls
 c - 5 scrolls of amnesia
 d - 4 scrolls of remove curse
 h - a scroll of vulnerability {unknown}
 j - a scroll of enchant weapon
 k - a scroll of enchant armour {unknown}
 n - 2 scrolls of fog
 r - a scroll of magic mapping {!r}
 y - 2 scrolls of teleportation
 C - 6 scrolls of identify
 I - 2 scrolls of recharging
Potions
 e - 2 potions of brilliance
 g - 3 potions of resistance
 p - a potion of haste {unknown}
 q - 3 potions of ambrosia
 t - a potion of flight {unknown}
 u - 2 potions of agility
 v - 3 potions of might
 w - a potion of degeneration {unknown}
 A - 2 potions of berserk rage {!q}
 G - a potion of cancellation {unknown}
 P - a potion of invisibility {unknown}
Books
 m - a book of Debilitation
   (You found it on level 6 of the Dungeon)
Comestibles
 b - 10 bread rations {@e1}
 f - 10 meat rations {@e2}
 o - 8 fruits
 x - 15 royal jellies
 O - 16 chunks of flesh {@w0}


   Skills:
 + Level 8.8 Fighting
 + Level 8.9 Dodging
 - Level 1.0 Stealth
 - Level 9.0 Shields
 + Level 9.7 Unarmed Combat
 - Level 6.4 Evocations


You had 11 spell levels left.
You didn't know any spells.

Dungeon Overview and Level Annotations

Branches:
Dungeon (11/15)            Temple (0/1) D:6            Lair (3/6) D:8
  Swamp: Lair:2-4    Shoals: Lair:2-4     Snake: Lair:2-4    Spider: Lair:2-4
    Orc: D:9-12

Altars:
Dithmenos
Elyvilon
Hepliaklqana
Nemelex Xobeh
Okawaru
Qazlal
Ru
Sif Muna
Uskayaw
Vehumet
Wu Jian
Zin

Shops:
D:8 [

Annotations:
D:4 useraccount's ghost, amateur FoFi
D:10 exclusion: killer bee
Lair:1 exclusions: Erica and 2 hydras
Lair:2 exclusion: hydra


Innate Abilities, Weirdness & Mutations

You are too large for most types of armour.
You have claws for hands.
Your metabolism is lightning-fast.
You like to eat raw meat.
Your natural rate of healing is unusually fast.
You are covered in fur. (AC +1)
You have very tough skin. (AC +2)


Message History

You claw the yak! You claw the yak! The yak misses you.
You scratch the yak. You block the yak's attack.
You scratch the yak but do no damage.
You scratch the frost giant but do no damage.
You scratch the frost giant but do no damage.
You block the frost giant's attack.
You mangle the frost giant!! You mangle the frost giant!!
The frost giant casts a spell at you. The bolt of cold hits you!
You take 60 damage, and have 57/122 hp.
MASSIVE DAMAGE!!
You are too injured to fight recklessly!
You are too injured to fight recklessly!
You are too injured to fight recklessly!
You scratch the frost giant. You block the frost giant's attack.
You scratch the frost giant. You mangle the frost giant!!
You block the frost giant's attack.
You mangle the frost giant!!
You kill the frost giant!
The Council accepts your kill.
You scratch the yak. You scratch the yak. The yak closely misses you.
You claw the yak!
You kill the yak!
The Council accepts your kill.
You claw the polar bear! You block the polar bear's attack.
The polar bear claws you but does no damage.
The polar bear misses you.
You claw the polar bear! The polar bear barely misses you.
You block the polar bear's attack. The polar bear claws you.
You take 2 damage, and have 60/122 hp.
You barely miss the polar bear. You mangle the polar bear!!
You kill the polar bear!
The Council accepts your kill.
You claw the polar bear! The polar bear barely misses you.
The polar bear claws you but does no damage.
The polar bear closely misses you.
You barely miss the polar bear. The polar bear closely misses you.
The polar bear misses you. The polar bear barely misses you.
You mangle the polar bear!! The polar bear closely misses you.
The polar bear claws you. You block the polar bear's attack.
You take 3 damage, and have 59/122 hp.
You closely miss the polar bear.
The polar bear goes berserk!
You scratch the polar bear. The polar bear bites you!
The polar bear claws you but does no damage.
The polar bear closely misses you.
You take 11 damage, and have 49/122 hp.
You completely miss the polar bear. You block the polar bear's attack.
The polar bear completely misses you. You block the polar bear's attack.
You claw the polar bear! The polar bear misses you.
The polar bear closely misses you.
The polar bear claws you but does no damage.
You barely miss the polar bear. You block the polar bear's attack. x2
The polar bear claws you.
The yak snorts and paws the ground.
The polar bear bites you!!
* * * LOW HITPOINT WARNING * * *
The polar bear completely misses you. The polar bear misses you.
You take 26 damage, and have 24/122 hp.
MASSIVE DAMAGE!!
You barely miss the polar bear. The polar bear bites you!
* * * LOW HITPOINT WARNING * * *
You block the polar bear's attack. The polar bear barely misses you.
You take 15 damage, and have 9/122 hp.
You scratch the polar bear but do no damage.
You block the polar bear's attack. The polar bear closely misses you.
The polar bear claws you.
* * * LOW HITPOINT WARNING * * *
You mangle the polar bear!!
You kill the polar bear!
The Council accepts your kill.
You feel better. You block the polar bear's attack.
The polar bear claws you but does no damage. x2
You regained 7 hp, and now have 17/122 hp.
You feel better. The polar bear misses you. x2
The polar bear claws you but does no damage.
You regained 6 hp, and now have 23/122 hp.
You feel better. The polar bear completely misses you.
The polar bear misses you. You block the polar bear's attack.
You regained 7 hp, and now have 30/122 hp.
You scratch the polar bear but do no damage.
The polar bear barely misses you. x3
You barely miss the polar bear. The polar bear misses you.
You block the polar bear's attack. The polar bear claws you.
* * * LOW HITPOINT WARNING * * *
You scratch the polar bear but do no damage.
You scratch the polar bear but do no damage.
The polar bear closely misses you. You block the polar bear's attack. x2
You barely miss the polar bear. The polar bear bites you!
* * * LOW HITPOINT WARNING * * *
You block the polar bear's attack. The polar bear closely misses you.
You take 16 damage, and have 15/122 hp.
You closely miss the polar bear. You block the polar bear's attack. x2
The polar bear misses you.
You mangle the polar bear!! The polar bear bites you!!
You die...

.# ##.....#.# ##
##.....# ##...####
####...##
#######....###
#....#...###
÷##....### ###
######## ######.##
.### ##...#.#@###
...## #.⌠...###h.#
....#####.#.###.)###
##.....#####..##h.h#
##.....####..###..h#
###....#...## Y.Y.#
###....### h..##
#).##### .### ##.#
.$


You could see a polar bear.

Vanquished Creatures
  A frost giant (IceCv)
  2 two-headed ogres
  Erica (Lair:1)
  A death yak (Lair:3)
  An unseen horror (D:11)
  Pikel (D:7)
  A manticore (D:11)
  An elephant (D:8)
  The ghost of grandjackal the Gusty, a novice TeAE (D:5)
  An ice statue (IceCv)
  A spiny frog (Lair:1)
  A komodo dragon (Lair:1)
  A troll (D:10)
  12 polar bears (IceCv)
  2 hornets (D:9)
  2 hippogriffs
  Sigmund (D:6)
  26 yaks
  A soldier ant (D:9)
  3 porcupines (Lair:1)
  10 water moccasins
  6 orc warriors
  11 ice beasts
  2 sky beasts
  3 slaves (D:7)
  7 ogres
  A phantom (D:6)
  3 crocodiles
  30 wolves
  3 centaurs
  9 bullfrogs
  A gnoll sergeant (D:10)
  3 scorpions
  A killer bee (D:10)
  2 howler monkeys (D:6)
  7 wights
  4 crimson imps
  2 bullfrog zombies
  2 centaur skeletons
  A jelly (D:5)
  4 orc priests
  3 hounds
  10 orc wizards
  A bullfrog skeleton (D:8)
  A gnoll shaman (D:7)
  2 iguanas
  Natasha (thrice) (D:3)
  3 worker ants
  A hound zombie (D:6)
  13 gnolls
  2 howler monkey skeletons
  9 adders
  A shadow imp (D:5)
  2 adder skeletons
  4 worms
  2 dart slugs
  2 leopard geckos
  39 orcs
  4 giant cockroaches
  10 goblins
  7 hobgoblins
  10 jackals
  8 quokkas
  3 ball pythons
  5 bats
  4 frilled lizards
  4 kobolds
  A leopard gecko skeleton (D:7)
  A quokka skeleton (D:5)
  10 rats
338 creatures vanquished.

Vanquished Creatures (others)
  A bullfrog (D:7)
1 creature vanquished.

Grand Total: 339 creatures vanquished

Notes
Turn   | Place    | Note
-------+----------+-------------------------------------------
     0 | D:1      | Firecrotchwizard the Troll Monk began the quest for the Orb.
     0 | D:1      | Reached XP level 1. HP: 22/22 MP: 0/0
   145 | D:1      | Reached XP level 2. HP: 27/29 MP: 1/1
   340 | D:1      | Reached skill level 4 in Unarmed Combat
   541 | D:2      | Reached XP level 3. HP: 35/36 MP: 2/2
   562 | D:2      | Found a glowing silver altar of Zin.
   597 | D:2      | Found a sparkling altar of Nemelex Xobeh.
   626 | D:2      | Found an ornate altar of the Wu Jian Council.
   765 | D:2      | Found a sacrificial altar of Ru.
   878 | D:2      | Reached XP level 4. HP: 44/44 MP: 3/3
   925 | D:2      | Reached skill level 5 in Unarmed Combat
  1131 | D:2      | Found a deep blue altar of Sif Muna.
  1298 | D:2      | Became a worshipper of the Wu Jian Council
  1298 | D:2      | Reached * piety under Wu Jian
  1298 | D:2      | Reached ** piety under Wu Jian
  1439 | D:3      | Found a sparkling altar of Nemelex Xobeh.
  1484 | D:3      | Found a shadowy altar of Dithmenos.
  1485 | D:3      | Noticed Natasha
  1504 | D:3      | Killed Natasha
  1754 | D:3      | Reached XP level 5. HP: 50/50 MP: 4/4
  1788 | D:3      | Found a stormy altar of Qazlal.
  1788 | D:3      | Noticed Natasha
  1798 | D:3      | Killed Natasha
  1798 | D:3      | Reached skill level 6 in Unarmed Combat
  1885 | D:3      | Noticed Natasha
  1899 | D:3      | Killed Natasha
  2329 | D:4      | Noticed useraccount's ghost (amateur FoFi)
  2542 | D:4      | Found an iron altar of Okawaru.
  2593 | D:4      | Reached XP level 6. HP: 59/59 MP: 5/5
  2624 | D:4      | Reached skill level 7 in Unarmed Combat
  2847 | D:5      | Entered Level 5 of the Dungeon
  2891 | D:5      | Noticed a sky beast
  2904 | D:5      | Killed a sky beast
  2904 | D:5      | Reached *** piety under Wu Jian
  2904 | D:5      | Reached skill level 8 in Unarmed Combat
  2920 | D:5      | Reached XP level 7. HP: 32/66 MP: 6/6
  3205 | D:5      | Got a steaming mace
  3206 | D:5      | Identified the +3 mace of Wu Jian's Hatred {drain, +Fly rC- Str+2 Dex+7} (You found it on level 5 of the Dungeon)
  3477 | D:5      | Reached skill level 1 in Evocations
  3510 | D:5      | Noticed grandjackal's ghost (novice TeAE)
  3522 | D:5      | Killed grandjackal's ghost
  3522 | D:5      | Reached skill level 3 in Fighting
  3522 | D:5      | Reached skill level 3 in Dodging
  3522 | D:5      | Reached skill level 2 in Evocations
  3522 | D:5      | Reached XP level 8. HP: 45/75 MP: 6/8
  3775 | D:6      | Reached skill level 4 in Dodging
  3798 | D:6      | Reached skill level 4 in Fighting
  3851 | D:6      | Reached skill level 3 in Evocations
  3865 | D:6      | Found a staircase to the Ecumenical Temple.
  3908 | D:6      | Noticed Sigmund
  3918 | D:6      | Killed Sigmund
  4145 | D:6      | Reached XP level 9. HP: 79/87 MP: 10/10
  4153 | D:6      | Reached **** piety under Wu Jian
  4209 | D:6      | Reached skill level 5 in Dodging
  4258 | D:6      | Reached skill level 5 in Fighting
  4853 | D:7      | Reached skill level 4 in Evocations
  5062 | D:7      | Noticed Pikel
  5190 | D:7      | Killed Pikel
  5932 | D:8      | Reached skill level 6 in Dodging
  5936 | D:8      | Reached skill level 6 in Fighting
  5943 | D:8      | Reached skill level 5 in Evocations
  5980 | D:8      | Noticed an elephant
  6007 | D:8      | Killed an elephant
  6007 | D:8      | Reached XP level 10. HP: 32/100 MP: 12/12
  6117 | D:8      | Found a staircase to the Lair.
  6154 | D:8      | Found Sast's Antique Armour Shop.
  6212 | D:8      | Found a hide-covered altar of Uskayaw.
  6286 | D:8      | You fall through a shaft for 3 floors!
  6554 | D:11     | Noticed a manticore
  6559 | D:11     | Killed a manticore
  6559 | D:11     | Reached skill level 7 in Fighting
  6646 | D:11     | Killed an unseen horror
  6646 | D:11     | Reached skill level 7 in Dodging
  6814 | D:10     | Entered Level 10 of the Dungeon
  6891 | D:10     | Reached ***** piety under Wu Jian
  6891 | D:10     | Reached skill level 6 in Evocations
  6912 | D:10     | Noticed a two-headed ogre
  6920 | D:10     | Killed a two-headed ogre
  7250 | D:10     | HP: 26/104 [poisoned by a gnoll sergeant]
  7256 | D:10     | HP: 26/104 [poisoned by a gnoll sergeant]
  7443 | D:10     | Reached XP level 11. HP: 96/111 MP: 14/14
  7669 | D:9      | Reached skill level 1 in Shields
  7851 | D:9      | Reached skill level 2 in Shields
  8226 | D:9      | Reached skill level 3 in Shields
  8546 | D:9      | Found a white marble altar of Elyvilon.
  8549 | D:9      | Found a radiant altar of Vehumet.
  8552 | D:9      | Found a hazy altar of Hepliaklqana.
  9011 | D:8      | Noticed a two-headed ogre
  9027 | D:8      | Killed a two-headed ogre
  9027 | D:8      | Reached skill level 4 in Shields
  9145 | Lair:1   | Entered Level 1 of the Lair of Beasts
  9177 | Lair:1   | Noticed Erica
  9231 | Lair:1   | Noticed a four-headed hydra
  9273 | Lair:1   | Killed Erica
  9273 | Lair:1   | Reached skill level 5 in Shields
  9421 | Lair:1   | Upgraded the game from 0.21-a0-33-g8b44e26 to 0.21-a0-38-g95c5c02
  9634 | Lair:1   | Noticed a seven-headed hydra
  9683 | Lair:1   | Reached skill level 6 in Shields
 10436 | Lair:2   | Noticed an eight-headed hydra
 10517 | Lair:2   | Reached skill level 7 in Shields
 10610 | Lair:2   | Noticed a five-headed hydra
 10722 | Lair:3   | Noticed a death yak
 10750 | Lair:3   | HP: 19/111 [death yak (17)]
 10755 | Lair:3   | HP: 12/111 [wolf (4)]
 10758 | Lair:3   | Killed a death yak
 10761 | Lair:3   | HP: 10/111 [wolf (5)]
 10766 | Lair:3   | HP: 21/111 [wolf (4)]
 10769 | Lair:3   | HP: 6/111 [blink frog (14)]
 10782 | Lair:3   | Found a frozen archway.
 10791 | Lair:3   | Reached skill level 8 in Shields
 10887 | IceCv    | Entered an ice cave
 10999 | IceCv    | Reached XP level 12. HP: 118/119 MP: 15/15
 11130 | IceCv    | Reached skill level 9 in Shields
 11214 | IceCv    | HP: 25/119 [yak (12)]
 11215 | IceCv    | Reached skill level 8 in Fighting
 11215 | IceCv    | Reached skill level 8 in Dodging
 11222 | IceCv    | HP: 24/119 [yak (3)]
 11228 | IceCv    | HP: 21/119 [polar bear (4)]
 11399 | IceCv    | Reached skill level 9 in Unarmed Combat
 11488 | IceCv    | HP: 27/120 [polar bear (22)]
 11635 | IceCv    | Got an ichor-stained long sword
 11637 | IceCv    | Got a wizard robe
 11649 | IceCv    | Identified the cursed +0 robe of the Pleiades {*Slow +Fly rF++} (You found it in an ice cave)
 11765 | IceCv    | HP: 30/120 [ice statue] (11)]
 11767 | IceCv    | HP: 6/120 [ice statue] (12)]
 11768 | IceCv    | HP: 2/120 [ice statue] (5)]
 12107 | IceCv    | Noticed a frost giant
 12120 | IceCv    | Killed a frost giant
 12135 | IceCv    | HP: 24/122 [polar bear (24)]
 12136 | IceCv    | HP: 9/122 [polar bear (16)]
 12144 | IceCv    | HP: 30/122 [polar bear (1)]
 12149 | IceCv    | Slain by a polar bear

Vault maps used:
D:1:      saegor_arrival_simple_e
D:2:      minmay_door_path, lemuel_round_altar, nicolae_ru_awakened_eye,
          lemuel_round_altar, overflow_temple_1_default, serial_bayou_pond_b,
          roderic_three_in_a_row, nemelex_diamond_rough_becter
D:3:      nicolae_dithmenos_through_a_glass_darkly,
          nicolae_qazlal_eye_of_the_storm, serial_aquarium,
          aquarium_bridge_straight, aquarium_window_fake, aquarium_window_1,
          aquarium_view_2f, aquarium_balcony_5b, first_bread,
          kennysheep_doodads, nemelex_spade_bored_becter, uniq_natasha
D:4:      lemuel_coloured_pillars_altar, elyvilon_altar_4
D:6:      minmay_temple_entry_purple_smoke, uniq_sigmund
D:7:      uniq_pikel
D:8:      nicolae_overflow_hidden_temple, david_lair_generic, serial_shops, shop
D:9:      minmay_overflow_temple_star_quad, hangedman_pestilent_swarm
D:11:     minmay_statues_item, uniq_harold
Lair:1:   lemuel_fruit_fields, uniq_erica
Lair:2:   nicolae_spider_entry_orb_guardian, infiniplex_staircase_pool_2
Lair:3:   nicolae_swamp_entry_splash_gauntlet, portal_ice_cave_entry_ice_beasts,
          st_stairs_4, grunt_forest_large_clearings, uniq_gastronok
IceCv:    ice_cave_caverns_01

Skill      XL: |  1  2  3  4  5  6  7  8  9 10 11 12 |
---------------+-------------------------------------+-----
Unarmed Combat | 4 5 6 8 9 |  9.7
Evocations     | 2 3 5 6 |  6.4
Fighting       | 3 4 6 7 8 |  8.8
Dodging        | 3 4 6 7 8 |  8.9
Shields        | 8 9 |  9.0
Stealth        | |  1.0

Action                   |  1- 3 |  4- 6 |  7- 9 | 10-12 || total
-------------------------+-------+-------+-------+-------++-------
Melee: Unarmed           |    77 |   149 |   290 |   807 ||  1323
       Punch             |     1 |     1 |    13 |    15 ||    30
Invok: Heavenly Storm    |       |       |       |     1 ||     1
 Abil: Evoke Berserk Rag |       |       |       |     1 ||     1
  Use: Scroll            |       |    10 |     4 |     8 ||    22
       Potion            |       |       |       |    11 ||    11
 Stab: Sleeping          |     5 |     1 |     2 |     7 ||    15
  Eat: Chunk             |    14 |    18 |    28 |    54 ||   114
       Fruit             |       |       |       |     5 ||     5
Armor: Robe              |    22 |    41 |    40 |   167 ||   270
Dodge: Dodged            |    25 |    56 |   101 |   414 ||   596
Block: Shield            |       |       |       |   304 ||   304

Vault maps used:
D:1:      saegor_arrival_simple_e
D:2:      minmay_door_path, lemuel_round_altar, nicolae_ru_awakened_eye,
          lemuel_round_altar, overflow_temple_1_default, serial_bayou_pond_b,
          roderic_three_in_a_row, nemelex_diamond_rough_becter
D:3:      nicolae_dithmenos_through_a_glass_darkly,
          nicolae_qazlal_eye_of_the_storm, serial_aquarium,
          aquarium_bridge_straight, aquarium_window_fake, aquarium_window_1,
          aquarium_view_2f, aquarium_balcony_5b, first_bread,
          kennysheep_doodads, nemelex_spade_bored_becter, uniq_natasha
D:4:      lemuel_coloured_pillars_altar, elyvilon_altar_4
D:6:      minmay_temple_entry_purple_smoke, uniq_sigmund
D:7:      uniq_pikel
D:8:      nicolae_overflow_hidden_temple, david_lair_generic, serial_shops, shop
D:9:      minmay_overflow_temple_star_quad, hangedman_pestilent_swarm
D:11:     minmay_statues_item, uniq_harold
Lair:1:   lemuel_fruit_fields, uniq_erica
Lair:2:   nicolae_spider_entry_orb_guardian, infiniplex_staircase_pool_2
Lair:3:   nicolae_swamp_entry_splash_gauntlet, portal_ice_cave_entry_ice_beasts,
          st_stairs_4, grunt_forest_large_clearings, uniq_gastronok
IceCv:    ice_cave_caverns_01

Table legend:
 A = Turns spent in this place as a percentage of turns spent in the entire game.
 B = Non-inter-level travel turns spent in this place as a percentage of non-inter-level travel turns spent in the entire game.
 C = Inter-level travel turns spent in this place as a percentage of turns spent in this place.
 D = Turns resting spent in this place as a percentage of non-inter-level travel turns spent in this place.
 E = Turns spent auto-exploring this place as a percentage of non-inter-level travel turns spent in this place.
 F = Non-inter-level travel turns spent in this place divided by the number of levels of this place that you've seen.
                   A       B       C       D       E      F
               +-------+-------+-------+-------+-------+----------------------
         Total | 100.0 | 100.0 |   0.8 |   4.2 |   9.3 | 209.3
       Dungeon |  71.3 |  71.3 |   0.8 |   3.7 |  11.4 | 203.4
          Lair |  14.6 |  14.5 |   1.5 |   5.5 |   5.3 | 152.0
      Ice Cave |  14.1 |  14.2 |   0.0 |   5.6 |   3.1 | 446.0
               +-------+-------+-------+-------+-------+----------------------

Table legend:
 A = Kills in this place as a percentage of kills in entire the game.
 B = Kills by you in this place as a percentage of kills by you in the entire game.
 C = Kills by friends in this place as a percentage of kills by friends in the entire game.
 D = Other kills in this place as a percentage of other kills in the entire game.
 E = Experience gained in this place as a percentage of experience gained in the entire game.
 F = Experience gained in this place divided by the number of levels of this place that you have seen.
                   A       B       C       D       E      F
               +-------+-------+-------+-------+-------+----------------------
         Total | 100.0 | 100.0 |  -nan |  -nan | 100.0 | 2202.9
       Dungeon |  72.2 |  72.2 |  -nan |  -nan |  42.5 | 1275.7
          Lair |  12.5 |  12.5 |  -nan |  -nan |  23.4 | 2582.3
      Ice Cave |  15.2 |  15.2 |  -nan |  -nan |  34.1 | 11263.0
               +-------+-------+-------+-------+-------+----------------------
